 Dungeon Crawl Stone Soup version 0.29-a0-512-gf59ac788ac (console) character file.

Game seed: 16039181634998353560

5195 aletris the Cleaver (level 10, -11/76 HPs)
             Began as a Mummy Wanderer on May 30, 2022.
             Was a Priest of Okawaru.
             Mangled by a two-headed ogre
             ... wielding a +0 giant club
              (25 damage)
             ... on level 9 of the Dungeon.
             The game lasted 00:19:05 (13204 turns).

aletris the Cleaver (Mummy Wanderer)               Turns: 13204, Time: 00:19:06

Health: -11/76     AC: 20    Str: 17    XL:     10   Next: 34%
Magic:  5/7        EV:  7    Int: 15    God:    Okawaru [***...]
Gold:   324        SH:  0    Dex: 18    Spells: 13/14 levels left

rFire   + . .      SeeInvis .   l - +4 war axe {antimagic, *Slow rF++ rC+ Int+4}
rCold   + + +      Faith    .   (no shield)
rNeg    + + +      Spirit   .   f - +0 plate armour
rPois   ∞          Reflect  .   b - +0 helmet
rElec   .          Harm     .   (no cloak)
rCorr   .          Rampage  .   i - +0 pair of gloves
Will    ++...                   e - +2 pair of boots
Stlth   ..........              (no amulet)
HPRegen 0.22/turn               h - ring of willpower
MPRegen 0.10/turn               j - ring "Xaef" {rC+ rN+ MP+9 Dex+3}

@: heroic
A: cold resistance 1, negative energy resistance 3, torment resistance 2, heat
vulnerability 1, in touch with death 1, no potions
a: Renounce Religion, Heroism


You were on level 9 of the Dungeon.
You worshipped Okawaru.
Okawaru was most pleased with you.
You visited 1 branch of the dungeon, and saw 9 of its levels.
You also visited: Bailey.

You collected 324 gold pieces.

Inventory:

Hand Weapons
 a - a +3 quarterstaff
 l - the +4 war axe of the Moon (weapon) {antimagic, *Slow rF++ rC+ Int+4}
   (You acquired it on level 4 of the Dungeon)

   It reduces the magical energy of the wielder, and disrupts the spells and
   magical abilities of those it strikes.
   Natural abilities and divine invocations are not affected.
   Int:       It affects your intelligence (+4).
   rF:        It greatly protects you from fire.
   rC:        It protects you from cold.
   *Slow:     It may slow you when you take damage.
Missiles
 m - a javelin (quivered)
Armour
 b - a +0 helmet (worn)
 e - a +2 pair of boots (worn)
 f - a +0 plate armour (worn)
 i - a +0 pair of gloves (worn)
Jewellery
 h - a ring of willpower (left hand)
 j - the ring "Xaef" (right hand) {rC+ rN+ MP+9 Dex+3}
   (You found it on level 8 of the Dungeon)

   [ring of magical power]

   Dex:       It affects your dexterity (+3).
   rC:        It protects you from cold.
   rN:        It protects you from negative energy.
   MP:        It affects your magic capacity (+9).
 o - a ring of ice
Wands
 k - a wand of charming (16)
 q - a wand of flame (43)
 r - a wand of mindburst (1)
Scrolls
 c - a scroll of fear
 d - a scroll of enchant weapon
 g - 4 scrolls of teleportation
 n - 2 scrolls of enchant armour
 p - 2 scrolls of vulnerability
 s - a scroll of noise {unknown}
 t - a scroll of poison
 u - a scroll of amnesia {unknown}
 v - a scroll of identify


   Skills:
 - Level 6.0(11.0) Fighting
 * Level 9.3(14.3) Axes
 - Level 2.4(7.4) Staves
 + Level 3.5(8.5) Armour
 - Level 1.0(6.0) Stealth
 - Level 2.6 Spellcasting
 - Level 1.5 Fire Magic
 + Level 5.8 Invocations
 - Level 3.0 Evocations


You had 13 spell levels left.
You knew the following spells:

 Your Spells              Type           Power      Damage    Failure   Level
a - Foxfire               Conj/Fire      16%        2x1d4     99%         1

Your spell library contained the following spells:

 Spells                   Type           Power      Damage    Failure   Level
 Sting                    Tmut/Pois      8%         1d3       99%         1
 Ensorcelled Hibernation  Hex/Ice        4%         N/A       100%        2
 Passwall                 Tmut/Erth      1%         N/A       100%        2
 Poisonous Vapours        Pois/Air       4%         N/A       100%        2
 Confusing Touch          Hex            2%         N/A       100%        3
 Conjure Flame            Conj/Fire      4%         6-21      100%        3
 Swiftness                Air            2%         N/A       100%        3
 Anguish                  Hex/Necr       1%         N/A       100%        4
 Olgreb's Toxic Radiance  Pois           2%         N/A       100%        4
 Passage of Golubria      Tloc           2%         N/A       100%        4
 Silence                  Hex/Air        1%         N/A       100%        5
 Yara's Violent Unravell  Hex/Tmut       1%         3d3       100%        5
 Enfeeble                 Hex            1%         N/A       100%        7
 Lehudib's Crystal Spear  Conj/Erth      1%         10d2      100%        8
 Spider Form              Tmut/Pois      Unusable   N/A       N/A         3

Dungeon Overview and Level Annotations

Branches:
Dungeon (9/15)             Temple (0/1) D:6            Lair (0/6) D:9
 Bailey (visited)
    Orc: D:9-12

Altars:
Elyvilon
Fedhas
Gozag
Hepliaklqana
Kikubaaqudgha
Okawaru
Ru
Vehumet
Wu Jian
The Shining One
Lugonu

Portals:
Abyss: D:6

Annotations:
D:2 Sigmund
D:3 3 runed translucent doors, happo123's ghost, amateur KoEn
D:4 1 runed translucent door, Crazy Yiuf; Pikel
D:5 1 runed translucent door, Pelinal's ghost, novice GrEE
D:8 1 runed translucent door
D:9 1 runed translucent door


Innate Abilities, Weirdness & Mutations

You are immune to poison.
Your flesh is cold resistant. (rC+)
You are immune to negative energy. (rN+++)
You are immune to unholy pain and torment.
You are vulnerable to heat. (rF-)
You are in touch with the powers of death.
You do not drink.


Message History

Press: ? - help, Q - select action, (/) - cycle Shift-Dir - straight line, f - two-headed ogre
Aim: a two-headed ogre, wielding two +0 giant clubs (77% to hit)
You throw a javelin.
The javelin pierces through the two-headed ogre!
The two-headed ogre is moderately wounded.
You gain the combat prowess of a mighty hero.
You can no longer speed up your combat.
Throw: 4 javelins
Press: ? - help, Q - select action, (/) - cycle Shift-Dir - straight line, f/p - two-headed ogre
Aim: a two-headed ogre, wielding two +0 giant clubs (lightly wounded, 80% to hit)
You throw a javelin.
The javelin pierces through the two-headed ogre!
The two-headed ogre is moderately wounded.
Throw: 3 javelins
Press: ? - help, Q - select action, (/) - cycle Shift-Dir - straight line, f/p - two-headed ogre
Aim: a two-headed ogre, wielding two +0 giant clubs (moderately wounded, 80% to hit)
You throw a javelin.
The javelin barely misses the two-headed ogre.
Throw: 2 javelins
Press: ? - help, Q - select action, (/) - cycle Shift-Dir - straight line, f/p - two-headed ogre
Aim: a two-headed ogre, wielding two +0 giant clubs (moderately wounded, 80% to hit)
You throw a javelin.
The javelin pierces through the two-headed ogre!
The two-headed ogre is severely wounded.
The two-headed ogre barely misses you.
The two-headed ogre hits you with a +0 giant club.
You hit the two-headed ogre.
The two-headed ogre is severely wounded.
You hit the two-headed ogre.
The two-headed ogre is severely wounded.
The two-headed ogre hits you with a +0 giant club!!
* * * LOW HITPOINT WARNING * * *
The two-headed ogre hits you with a +0 giant club!
* * * LOW HITPOINT WARNING * * *
You hit the two-headed ogre.
The two-headed ogre is severely wounded.
You slash the two-headed ogre! Your punch misses the two-headed ogre.
The two-headed ogre is almost dead.
The two-headed ogre hits you with a +0 giant club!!
You die...

#.......###..
#...##....## #
.....#..##(.# ...#
.#......####.#### ...# #
.......#####.(..##...# ..
<.####........(......#...
##########.##......#
#O##......# #.@†......#
###.#..... #.# ... #.. .
##.. ... .... .....
...###


You could see a two-headed ogre.

Vanquished Creatures
  An orc knight (Bailey)
  3 yaks (D:9)
  A steam dragon (D:8)
  An acid dragon (D:8)
  2 water moccasins (D:8)
  3 black bears
  12 orc warriors
  An ice beast (D:5)
  A sky beast (D:8)
  An ogre (D:6)
  3 centaurs
  A kobold brigand (D:6)
  3 bullfrogs
  A necrophage (D:5)
  4 scorpions
  A gnoll sergeant (D:6)
  6 killer bees
  3 howler monkeys
  8 hounds
  2 gnoll shamans
  4 orc priests
  Ijyb (D:3)
  An orc wizard (D:5)
  14 gnolls
  12 adders
  3 shadow imps
  3 white imps
  4 ufetubi
  A worm (D:1)
  A dart slug (D:1)
  31 orcs
  4 bats
  12 endoplasms
  3 giant cockroaches
  3 hobgoblins
  2 quokkas
  5 ball pythons
  5 frilled lizards
  14 goblins
  17 kobolds
  6 rats
204 creatures vanquished.

Vanquished Creatures (others)
  A lurking horror (D:6)
  3 plants (D:6)
  2 withered plants (D:5)
6 creatures vanquished.

Grand Total: 210 creatures vanquished

Notes
Turn   | Place    | Note
-------+----------+-------------------------------------------
     0 | D:1      | aletris the Mummy Wanderer began the quest for the Orb.
     0 | D:1      | aletris set off with the following items: a +2
                  | quarterstaff, a +0 helmet, a scroll of fear, a +0 leather
                  | armour; and the following spell memorised: Foxfire; and the
                  | following spells available to memorise: Conjure Flame
     0 | D:1      | Reached XP level 1. HP: 15/15 MP: 4/4
   217 | D:1      | Reached XP level 2. HP: 22/22 MP: 5/5
   631 | D:1      | Found a faded altar of an unknown god.
   768 | D:2      | Noticed Sigmund
   831 | D:1      | Gained mutation: You are in touch with the powers of death.
                  | [Mummy growth]
   831 | D:1      | Reached XP level 3. HP: 14/29 MP: 7/7
  1344 | D:2      | Reached XP level 4. HP: 37/37 MP: 8/8
  1736 | D:3      | Found a runed translucent gate.
  1736 | D:3      | Found a runed translucent gate.
  1738 | D:3      | Found a runed translucent gate.
  1763 | D:3      | Noticed happo123's ghost (amateur KoEn)
  1795 | D:3      | Identified the +4 whip of Toheugea {protect, Fly Str+4}
  3041 | D:4      | Reached skill level 5 in Fighting
  3041 | D:4      | Reached XP level 5. HP: 38/44 MP: 9/9
  3079 | D:4      | Identified a scroll of acquirement
  3081 | D:4      | Acquired the +4 war axe of the Moon {antimagic, *Slow rF++
                  | rC+ Int+4}
  3313 | D:4      | Reached skill level 1 in Axes
  3595 | D:4      | Noticed Ijyb
  3623 | D:3      | Killed Ijyb
  3745 | D:4      | Noticed Pikel
  3746 | D:4      | Noticed a lemure
  3747 | D:4      | Noticed a lemure
  3748 | D:4      | Noticed a lemure
  3749 | D:4      | Noticed a lemure
  3933 | D:4      | Reached XP level 6. HP: 45/51 MP: 3/10
  4002 | D:4      | Found a runed translucent door.
  4003 | D:4      | Noticed Crazy Yiuf
  4342 | D:5      | Entered Level 5 of the Dungeon
  4355 | D:5      | Reached skill level 2 in Axes
  4387 | D:5      | Reached skill level 1 in Evocations
  4681 | D:5      | Found an iron altar of Okawaru.
  4716 | D:5      | Found a runed translucent door.
  4716 | D:5      | Noticed Pelinal's ghost (novice GrEE)
  4787 | D:5      | Reached skill level 3 in Axes
  4787 | D:5      | Reached XP level 7. HP: 36/57 MP: 3/11
  5353 | D:5      | Reached skill level 4 in Axes
  6003 | D:5      | Became a worshipper of Warmaster Okawaru
  6073 | D:6      | Found an ancient bone altar of Kikubaaqudgha.
  6104 | D:6      | Found a sacrificial altar of Ru.
  6121 | D:6      | Reached XP level 8. HP: 57/64 MP: 4/12
  6419 | D:6      | Reached skill level 5 in Axes
  6422 | D:6      | Reached * piety under Okawaru
  6423 | D:6      | Reached skill level 1 in Invocations
  6598 | D:6      | Found a one-way gate to the infinite horrors of the Abyss.
  6601 | D:6      | Found a corrupted altar of Lugonu.
  6626 | D:6      | Found an opulent altar of Gozag.
  6939 | D:5      | Reached skill level 6 in Axes
  7527 | D:6      | Found a staircase to the Ecumenical Temple.
  8545 | D:6      | Reached XP level 9. HP: 46/69 MP: 4/13
  8659 | D:7      | Reached skill level 7 in Axes
  8942 | D:8      | Reached ** piety under Okawaru
  8947 | D:8      | Found a radiant altar of Vehumet.
  8974 | D:8      | Found a flagged portal.
  9078 | Bailey   | Entered a bailey
 10030 | Bailey   | Reached skill level 8 in Axes
 10135 | Bailey   | Noticed an orc knight
 10158 | Bailey   | HP: 3/69 [orc knight/+0 bardiche (27)]
 10161 | Bailey   | Killed an orc knight
 10161 | Bailey   | Reached *** piety under Okawaru
 10162 | Bailey   | Reached skill level 5 in Invocations
 11112 | D:8      | Noticed a tengu warrior
 11112 | D:8      | Noticed a centaur warrior
 11112 | D:8      | Noticed a tengu warrior
 11113 | D:8      | Found a runed translucent door.
 11115 | D:8      | Noticed a red ugly thing
 11115 | D:8      | Noticed an ogre mage
 11115 | D:8      | Identified the ring of Aniosch {Ice Dex+4}
 11115 | D:8      | Noticed a deep elf pyromancer
 11115 | D:8      | Noticed a centaur warrior
 11115 | D:8      | Noticed a cyclops
 11229 | D:8      | Found a hazy altar of Hepliaklqana.
 11279 | D:8      | Identified the ring "Xaef" {rC+ rN+ MP+9 Dex+3}
 11285 | D:8      | Found an ornate altar of the Wu Jian Council.
 11351 | D:8      | Found a blossoming altar of Fedhas.
 11410 | D:8      | Reached XP level 10. HP: 72/76 MP: 7/14
 12184 | D:8      | Reached skill level 9 in Axes
 12675 | D:9      | Found a runed translucent door.
 12675 | D:9      | Found a staircase to the Lair.
 13028 | D:9      | Reached **** piety under Okawaru
 13194 | D:9      | Noticed a two-headed ogre
 13204 | D:9      | Mangled by a two-headed ogre

Illustrated notes

Levels and vault maps discovered:
D:1:      nagdon_arrival_double_spiral, layout_basic,
          dreamdust_ecumenical_altar_angels_and_demons
D:2:      layout_rooms, uniq_sigmund
D:3:      layout_basic, gammafunk_ghost_split, minmay_increasing_density
D:4:      layout_loops_corners, uniq_pikel, uniq_ijyb, uniq_crazy_yiuf_cottage
D:5:      layout_basic, okawaru_trees_1, gammafunk_ghost_grave
D:6:      layout_loops_ring, nicolae_elyvilon_peaceful_grove,
          grunt_gozag_statues, mainiacjoe_overflow_chevrons,
          nicolae_overflow_hidden_temple, nicolae_ru_awakened_eye,
          minmay_temple_entry_enclosed_plants, serial_bayou_pond_e,
          amcnicky_altar_lugonu_corruption
D:7:      layout_cave_pools, kennysheep_little_box
D:8:      minmay_gate_of_8, layout_basic, fedhas_ov_isle_minmay,
          mainiacjoe_overflow_alcove_1, nicolae_wu_jian_immortal_techniques,
          vehumet_crystals, enter_bailey_5, corexii_checkpoint_a
D:9:      cheibrodos_histonic, layout_rooms, nicolae_ashenzari_panopticon,
          kennysheep_generic_room_3

Skill      XL: |  1  2  3  4  5  6  7  8  9 10 |
---------------+-------------------------------+-----
Fighting       | 2 3 5 6 |  6.0
Axes           | 1 3 4 6 8 9 |  9.3
Evocations     | 1 2 3 |  3.0
Invocations    | 3 5 |  5.8
Armour         | 2 3 |  3.5
Staves         | |  2.4
Stealth        | |  1.0
Spellcasting   | |  2.6
Fire Magic     | |  1.5

Action                   |  1- 3 |  4- 6 |  7- 9 | 10-12 || total
-------------------------+-------+-------+-------+-------++-------
Melee: Quarterstaff      |    67 |    89 |       |       ||   156
       War axe           |       |    81 |   309 |   108 ||   498
       Punch             |       |     2 |     9 |     1 ||    12
Throw: Javelin           |       |     1 |       |     4 ||     5
Invok: Heroism           |       |       |     1 |     1 ||     2
Evoke: Wand              |       |       |    19 |       ||    19
  Use: Scroll            |     1 |     8 |     7 |       ||    16
 Stab: Sleeping          |     2 |     5 |       |       ||     7
Armor: Leather armour    |    26 |    93 |    46 |       ||   165
       Chain mail        |       |       |   123 |       ||   123
       Plate armour      |       |       |    44 |   120 ||   164
Dodge: Dodged            |    40 |   135 |   192 |    24 ||   391

Table legend: (Time is in decaauts)
 A = Elapsed time spent in this place.
 B = Non-inter-level travel time spent in this place.
 C = Inter-level travel time spent in this place.
 D = Time resting spent in this place.
 E = Time spent auto-exploring this place.
 F = Levels seen in this place.
 G = Mean time per level.
                   A        B        C        D        E       F      G
               +--------+--------+--------+--------+--------+-----+--------+
         Total |  13380 |  12974 |    406 |   4785 |   5728 |  10 | 1338.0 |
       Dungeon |  11348 |  10942 |    406 |   3349 |   5582 |   9 | 1260.9 |
        Bailey |   2031 |   2031 |      0 |   1436 |    146 |   1 | 2031.0 |
               +--------+--------+--------+--------+--------+-----+--------+

Top non-repeatable levels by time:
     D:5: 2241 daAuts
  Bailey: 2031 daAuts
     D:8: 1909 daAuts
     D:6: 1450 daAuts
     D:4: 1411 daAuts
     D:3: 1365 daAuts
     D:1: 1007 daAuts
     D:7: 962 daAuts
     D:2: 607 daAuts
     D:9: 393 daAuts
